 Dungeon Sprint DCSS version 0.16.1-2-g95b8d4c (webtiles) character file.

1200000 miro the Executioner (level 13, -19/156 HPs)
             Began as a Naga Enchanter on Mar 25, 2015.
             Was a Follower of Makhleb.
             Demolished by a meat berserker
             ... wielding a +9 battleaxe
              (34 damage)
             ... in the Dungeon (Sprint VIII: "Arena of Blood").
             The game lasted 00:01:04 (12 turns).

miro the Executioner (Naga Enchanter)                 Turns: 12, Time: 00:01:05

Health: -19/156    AC:  6    Str: 11    XL:     13   Next: 58%
Magic:  19/19      EV: 18    Int: 16    God:    Makhleb [*.....]
Gold:   0          SH:  0    Dex: 16    Spells: 1 memorised, 15 levels left

rFire  . . .     SeeInvis +     k - +∞ Axe of Woe
rCold  . . .     Clarity  .     b - +1 robe
rNeg   . . .     SustAb   .     (no shield)
rPois  +         Gourm    .     (no helmet)
rElec  .         Spirit   .     (no cloak)
rCorr  .         Warding  .     (no gloves)
rMut   .         NoTele   +     (no barding)
MR     +....                    (no amulet)
Stlth  +++.......               (no ring)
                                (no ring)

@: very slow, somewhat resistant to hostile enchantments, fairly stealthy
A: spit poison, constrict 1, see invisible, deformed body, poison resistance,
slowness 2, AC +4
a: Spit Poison, Renounce Religion


You were in the Dungeon.
You worshipped Makhleb.
Makhleb was aware of your devotion.
You were not hungry.

You visited 1 branch

Inventory:

Hand weapons
 a - a +1 dagger
 k - the +∞ Axe of Woe (weapon)
   (You found it in the Dungeon)
Armour
 b - a +1 robe (worn)
Scrolls
 j - a scroll of blinking
Potions
 e - a potion of curing
 f - a potion of heal wounds
 g - a potion of haste
 h - 2 potions of magic
 i - a potion of berserk rage
Books
 c - a book of Maledictions

   Spells                             Type                      Level
   a - Corona                         Hexes                        1
   b - Sure Blade                     Hexes/Charms                 2
   c - Ensorcelled Hibernation        Hexes/Ice                    2
   d - Confuse                        Hexes                        3
   e - Dazzling Spray                 Conjuration/Hexes            3
   f - Enslavement                    Hexes                        4
Comestibles
 d - a bread ration


   Skills:
 * Level 21.2 Fighting
 - Level 1.0 Short Blades
 * Level 21.4 Axes
 + Level 12.5 Dodging
 - Level 4.4 Stealth
 - Level 2.0 Spellcasting
 - Level 3.0 Hexes


You had 15 spell levels left.
You knew the following spells:

 Your Spells              Type           Power        Failure   Level  Hunger
a - Corona                Hex            ##.....      8%          1    #......


Dungeon Overview and Level Annotations

Branches:
Dungeon (1/1)

Altars:
Makhleb


Innate Abilities, Weirdness & Mutations

You cannot wear boots.
You can spit poison.
You can use your snake-like lower body to constrict enemies.
Your serpentine skin is tough (AC +4).
You have supernaturally acute eyesight.
Armour fits poorly on your strangely shaped body.
Your system is resistant to poisons.
You cover ground very slowly.


Message History

Your Fighting skill gained 2 levels and is now at level 21!
Your Axes skill gained 2 levels and is now at level 21!
Your Dodging skill increases to level 12!
You have reached level 13!
Your tail grows strong enough to constrict your enemies.
You hear a shout! x4
The meat berserker rages.
You hear a shout! x6
An orc and an ogre come into view.
You hear a shout! x9
The meat berserker appears out of thin air!
A meat berserker comes into view. It is wielding a +9 battleaxe.
You hear a shout! x4
You swing at nothing.
You hear a shout! x9
The meat berserker hits you with a +9 battleaxe!!!
* * * LOW HITPOINT WARNING * * *
You hear a shout!
The meat berserker hits you with a +9 battleaxe!!
You die...

... ..... .. #...
..# #... ..#
.###... ..###.
......###......
....._.....
#O....# . #@.<._#
.
.....#OO...#.....
#..o....._........
...o...###.......
..###.o. ..###. .
#... ..# #... .#
..... .. ..... .


You could see 3 meat berserkers and a bag of meat.

Vanquished Creatures
  3 orcs (D)
3 creatures vanquished.

Notes
Turn   | Place    | Note
--------------------------------------------------------------
     0 | D        | miro, the Naga Enchanter, began the quest for the Orb.
     0 | D        | Reached XP level 1. HP: 15/15 MP: 3/3
     2 | D        | Noticed a bag of meat
     3 | D        | Became a worshipper of Makhleb the Destroyer
     4 | D        | Noticed a bag of meat
     5 | D        | Noticed a bag of meat
     6 | D        | Noticed a bag of meat
     6 | D        | Noticed a bag of meat
     7 | D        | Killed a bag of meat
     7 | D        | Reached skill level 17 in Fighting
     7 | D        | Reached skill level 10 in Dodging
     7 | D        | Reached XP level 2. HP: 17/56 MP: 4/4
     7 | D        | Reached XP level 3. HP: 19/63 MP: 6/6
     7 | D        | Reached XP level 4. HP: 21/72 MP: 7/7
     7 | D        | Reached XP level 5. HP: 23/80 MP: 9/9
     7 | D        | Reached XP level 6. HP: 25/88 MP: 10/10
     7 | D        | Reached XP level 7. HP: 27/96 MP: 12/12
     7 | D        | Reached XP level 8. HP: 29/104 MP: 13/13
     7 | D        | Reached XP level 9. HP: 30/111 MP: 14/14
     7 | D        | Reached XP level 10. HP: 32/121 MP: 16/16
     7 | D        | Reached XP level 11. HP: 33/128 MP: 17/17
     8 | D        | Killed a bag of meat
     8 | D        | Acquired Makhleb's first power
     8 | D        | Reached skill level 19 in Fighting
     8 | D        | Reached XP level 12. HP: 10/142 MP: 18/18
    10 | D        | Noticed a bag of meat
    10 | D        | Noticed a meat berserker
    10 | D        | Killed a bag of meat
    10 | D        | Reached skill level 21 in Fighting
    10 | D        | Reached XP level 13. HP: 70/156 MP: 19/19
    11 | D        | Noticed a bag of meat
    11 | D        | Noticed a meat berserker
    12 | D        | Noticed a meat berserker
    12 | D        | Demolished by a meat berserker

Action                   |  1- 3 |  4- 6 |  7- 9 | 10-12 | 13-15 || total
-------------------------+-------+-------+-------+-------+-------++-------
Melee: Executioner's axe |     1 |       |       |     2 |       ||     3
